 Dungeon Crawl Stone Soup version 0.27.1-33-g824d729ab1 (webtiles) character file.

Game seed: 94190459235829512

103079 hilljack the Severer (level 16, -12/126 HPs)
             Began as a Hill Orc Fighter on Dec 24, 2021.
             Was the Champion of Beogh.
             Mangled by a titanic slime creature (60 damage)
             ... on level 15 of the Dungeon.
             The game lasted 00:55:40 (25432 turns).

hilljack the Severer (Hill Orc Fighter)            Turns: 25432, Time: 00:55:40

Health: -12/126    AC: 31    Str: 33    XL:     16   Next: 35%
Magic:  20/25      EV:  8    Int:  6    God:    Beogh [******]
Gold:   1136       SH: 21    Dex: 10    Spells: 15/15 levels left

rFire    . . .     SeeInvis +   V - +14 obsidian axe {vorpal, Mesm Drain Fly SInv}
rCold    + . .     Faith    .   c - +1 kite shield
rNeg     + . .     Spirit   .   l - +10 plate armour of a wizard's laboratory {rElec Str+7 Int-2}
rPois    .         Reflect  +   p - +0 helmet of Ysecla Hoobb {rElec rN+ Int-2 SInv}
rElec    +         Harm     .   N - scarf {+Inv}
rCorr    .         Rampage  .   x - +0 pair of gloves
Will     +++..     Clarity  +   O - +0 pair of boots
Stlth    ..........             t - amulet of reflection
HPRegen  0.31/turn              i - ring of protection from cold
MPRegen  0.19/turn              k - ring of willpower

@: flying, mesmerised
A: walk on water, clarity, clever 1, strong-willed 1, wild magic 1
a: Renounce Religion, Evoke Invisibility, Smiting, Recall Orcish Followers, Give
Item to Named Follower, Resurrection


You were on level 15 of the Dungeon.
You worshipped Beogh.
Beogh was exalted by your worship.
You visited 4 branches of the dungeon, and saw 24 of its levels.
You also visited: Gauntlet.

You collected 2871 gold pieces.
You spent 1735 gold pieces at shops.

Inventory:

Hand Weapons
 a - the +11 falchion of No Interval {flame, Will+}
   (You found it on level 10 of the Dungeon)

   It burns those it strikes, dealing additional fire damage.
   Big, fiery blades are also staple armaments of hydra-hunters.
   Will:      It increases your willpower.
 b - a +1 war axe of draining
 I - a +4 broad axe of holy wrath
 U - the +9 dagger of Bread {vorpal, Will+}
   (You found it on level 5 of the Lair of Beasts)

   It inflicts extra damage upon your enemies.
   Will:      It increases your willpower.
 V - the +14 obsidian axe (weapon) {vorpal, Mesm Drain Fly SInv}
   (You acquired it on level 6 of the Lair of Beasts)

   It inflicts extra damage upon your enemies.
   It occasionally summons demons to assist the wielder when it strikes in
   combat.
   Its wielder is mesmerised by any visible foes.
   It cannot be unequipped while any foes are visible.
   SInv:      It lets you see invisible.
   Fly:       It grants you flight.
   Drain:     It drains your maximum health when unequipped.
 X - a +2 vorpal broad axe
Missiles
 h - 99 poisoned darts
 o - 3 throwing nets
 v - 5 silver javelins
 L - a curare-tipped dart
Armour
 c - a +1 kite shield (worn)
 l - the +10 plate armour of a wizard's laboratory (worn) {rElec Str+7 Int-2}
   (You bought it in a shop on level 2 of the Orcish Mines)

   Str:       It affects your strength (+7).
   Int:       It affects your intelligence (-2).
   rElec:     It insulates you from electricity.
 p - the +0 helmet of Ysecla Hoobb (worn) {rElec rN+ Int-2 SInv}
   (You took it off Robin on level 1 of the Dungeon)

   Int:       It affects your intelligence (-2).
   rElec:     It insulates you from electricity.
   rN:        It protects you from negative energy.
   SInv:      It lets you see invisible.
 x - a +0 pair of gloves (worn)
 N - a scarf of invisibility (worn)
 O - a +0 pair of boots (worn)
Jewellery
 i - a ring of protection from cold (left hand)
 k - a ring of willpower (right hand)
 m - a ring of poison resistance
 t - an amulet of reflection (around neck)
 y - a ring of flight
 B - an amulet of guardian spirit
Wands
 d - a wand of flame (85)
 n - a wand of iceblast (27)
 s - a wand of digging (6)
 w - a wand of acid (14)
 z - a wand of paralysis (24)
 D - a wand of polymorph (20)
 J - a wand of mindburst (27) (quivered)
 K - a wand of charming (21)
Scrolls
 j - 2 scrolls of magic mapping
 r - 7 scrolls of identify
 u - 7 scrolls of enchant armour
 A - 10 scrolls of teleportation
 C - 2 scrolls of fog
 G - 3 scrolls of holy word
 M - 6 scrolls of fear
 Q - a scroll of amnesia
 T - 2 scrolls of torment
Potions
 e - 15 potions of curing
 f - 4 potions of lignification
 g - 4 potions of attraction
 q - 3 potions of magic
 E - a potion of resistance
 F - 7 potions of heal wounds
 H - 3 potions of mutation
 P - a potion of berserk rage
 R - 2 potions of ambrosia
 S - 3 potions of brilliance
 W - a potion of haste
 Y - a potion of might
 Z - a potion of invisibility


   Skills:
 - Level 7.2 Fighting
 - Level 18.0 Axes
 + Level 14.7 Armour
 - Level 15.0 Shields
 - Level 12.0 Invocations
 - Level 12.0 Evocations


You had 15 spell levels left.
You didn't know any spells.
Your spell library contained the following spells:

 Spells                   Type           Power      Damage    Failure   Level
 Foxfire                  Conj/Fire      0%         2x1d4     96%         1
 Magic Dart               Conj           0%         1d3       96%         1
 Sandblast                Erth           0%         2d4       96%         1
 Blink                    Tloc           N/A        N/A       99%         2
 Call Imp                 Summ           0%         N/A       99%         2
 Corpse Rot               Necr/Air       N/A        N/A       99%         2
 Ensorcelled Hibernation  Hex/Ice        0%         N/A       99%         2
 Passwall                 Tmut/Erth      0%         N/A       99%         2
 Poisonous Vapours        Pois/Air       0%         N/A       99%         2
 Slow                     Hex            0%         N/A       99%         2
 Call Canine Familiar     Summ           0%         N/A       100%        3
 Confusing Touch          Hex            0%         N/A       100%        3
 Conjure Flame            Conj/Fire      0%         6-21      100%        3
 Gell's Gravitas          Tloc           0%         N/A       100%        3
 Inner Flame              Hex/Fire       0%         N/A       100%        3
 Mephitic Cloud           Conj/Pois/Air  0%         N/A       100%        3
 Portal Projectile        Hex/Tloc       0%         N/A       100%        3
 Spider Form              Tmut/Pois      0%         N/A       100%        3
 Teleport Other           Tloc           0%         N/A       100%        3
 Animate Dead             Necr           0%         N/A       100%        4
 Dispel Undead            Necr           0%         3d6       100%        4
 Leda's Liquefaction      Hex/Erth       0%         N/A       100%        4
 Borgnjor's Vile Clutch   Necr/Erth      0%         N/A       100%        5
 Freezing Cloud           Conj/Ice/Air   0%         6-21      100%        5
 Iskenderun's Battlesphe  Conj           0%         2d6       100%        5
 Lee's Rapid Deconstruct  Erth           0%         3d5*      100%        5
 Manifold Assault         Tloc           0%         N/A       100%        5
 Yara's Violent Unravell  Hex/Tmut       0%         3d3       100%        5
 Death Channel            Necr           0%         N/A       100%        6
 Dispersal                Tloc           0%         N/A       100%        6
 Iron Shot                Conj/Erth      0%         9d1       100%        6
 Shadow Creatures         Summ           N/A        N/A       100%        6
 Simulacrum               Ice/Necr       0%         N/A       100%        6
 Spellforged Servitor     Conj/Summ      0%         N/A       100%        7
 Storm Form               Tmut/Air       0%         N/A       100%        7
 Polar Vortex             Ice            0%         N/A       100%        9


Dungeon Overview and Level Annotations

Branches:
Dungeon (15/15) Temple (1/1) D:5 Lair (6/6) D:10 Shoals (0/4) Lair:3 Spider (0/4) Lair:4 Slime (0/5) Lair:6 Orc (2/2) D:9 Elf (0/3) Orc:2 Vaults (0/5) D:12 D:13 Depths (0/5) D:15 Gauntlet (visited)

Altars:
Ashenzari
Cheibriados
Dithmenos
Elyvilon
Fedhas
Gozag
Hepliaklqana
Kikubaaqudgha
Makhleb
Nemelex Xobeh
Okawaru
Qazlal
Ru
Sif Muna
Trog
Uskayaw
Vehumet
Wu Jian
Xom
Yredelemnul
Zin
The Shining One
Beogh
Jiyva
Lugonu

Shops:
D:1 *   D:8 !   Orc:2 *[((!

Portals:
Abyss: Lair:6
Trove: D:12 (show slimy rune of Zot)

Annotations:
Lair:2 exclusion: oklob plant


Innate Abilities, Weirdness & Mutations

You can walk on water.
You possess an exceptional clarity of mind.
Your mind is acute. (Int +2)
You are strong-willed. (Will+)
Your spells are a little harder to cast, but a little more powerful.


Message History

Your orc knight closely misses the quicksilver ooze.
You slash the quicksilver ooze! You open a gate to Pandemonium!
A demon appears!
The quicksilver ooze is severely wounded.
You slash Liploats's ghost!
Your lungs strain for air!
The quicksilver ooze hits you.
You block the quicksilver ooze's attack.
You slice the quicksilver ooze!! You open a gate to Pandemonium!
A demon appears!
You kill the quicksilver ooze!
Beogh accepts your kill.
You gasp with relief as air once again reaches your lungs.
You closely miss Liploats's ghost. Liploats's ghost hits you!!
Your orc knight unwields a +4 great sword of holy wrath.
It stops glowing.
Your orc knight wields a +3 arbalest.
Your orc knight shoots a bolt.
The bolt hits Liploats's ghost!
The jelly hits Olfrun but does no damage.
You slice the titanic slime creature!!
The titanic slime creature is lightly wounded.
You slice Liploats's ghost!!
Your smoke demon gestures at Liploats's ghost.
Liploats's ghost is smitten.
Liploats's ghost hits you but does no damage.
Olfrun unwields a +0 arbalest.
Olfrun wields the +5 spear of Xesotodage {protect, rF++ rC+ Str-4}.
Olfrun hits Liploats's ghost with the +5 spear of Xesotodage {protect, rF++ rC+ Str-4}!!!
You are no longer entranced.
Liploats's ghost is destroyed!
Beogh accepts your kill.
Your orc knight unwields a +3 arbalest.
Your orc knight wields a +4 great sword of holy wrath.
It softly glows with a divine radiance!
Your orc knight hits the titanic slime creature with a +4 great sword of holy wrath!
You slice the titanic slime creature!!
The titanic slime creature is moderately wounded.
Visions of slaying the titanic slime creature flood into your mind.
The titanic slime creature hits you!!!
You die...

#### #.. ##... #.. ##....
#..####### #..... #...##...##
#...♣. #...#....?# #....⌠
#<..J....|! ##.... #..o'....!_
#....⌠
#########..@JJ...(|####...♣.
........).4o#J....##........
........).3.##...##....).... #
.#####..###### ###.######... #.
#..# #..# #..# #.. #).# #..#
#...
##..#####).#########..######...
...................)..........#
...................)..........#


You could see a titanic slime creature (mesmerising, ally target), a slime
creature, 2 jellies, the friendly Olfrun the orc warlord (strong), a friendly
orc knight (strong), a friendly hellwing (summoned) and a friendly smoke demon
(summoned).

Vanquished Creatures
  Rupert (D:14)
  2 quicksilver oozes (D:15)
  A minotaur (Gauntlet)
  A minotaur (shapeshifter) (Gauntlet)
  Snorg (D:14)
  Fannar (D:10)
  An ice dragon (D:12)
  3 boulder beetles
  7 hydras
  Erica (Orc:1)
  2 catoblepae
  3 two-headed ogres
  7 centaur warriors
  Urug (D:11)
  3 death yaks (Lair:5)
  3 tengu warriors (D:15)
  A thrashing horror (Lair:6)
  3 orc high priests
  Nergalle (D:9)
  4 orc knights
  A lindwurm (Lair:3)
  Pikel (D:9)
  4 large abominations (Lair:6)
  An oklob plant (Lair:1)
  An ugly thing (Lair:6)
  An orc sorcerer (Orc:2)
  3 cyclopes
  2 manticores (D:13)
  Maurice (Orc:2)
  4 elephants
  6 black mambas
  3 rust devils
  A smoke demon (Lair:6)
  10 cane toads
  8 komodo dragons
  3 unseen horrors
  9 rime drakes
  2 torpor snails
  Psyche (D:10)
  2 efreet
  2 freezing wraiths (D:15)
  A meliai (D:15)
  A polar bear (shapeshifter) (Lair:6)
  2 trolls
  3 polar bears
  A jumping spider (Lair:4)
  An ancient zyme (Lair:6)
  6 slime creatures
  Grinder (D:5)
  4 dream sheep
  8 blink frogs (Lair:6)
  A snapping turtle (Lair:3)
  A meliai zombie (D:11)
  6 centaur simulacra
  2 ynoxinuls
  A vampire (D:10)
  3 shadows
  A wraith (D:14)
  36 yaks
  15 wyverns
  8 humans (D:13)
  13 basilisks
  A golden eye (shapeshifter) (D:15)
  Grum (D:7)
  A steam dragon (D:7)
  A chaos spawn (Lair:6)
  3 wargs
  A swamp worm (shapeshifter) (Gauntlet)
  10 vampire mosquitoes
  2 acid dragons
  2 hell hounds
  A water moccasin (shapeshifter) (Gauntlet)
  15 water moccasins
  2 meliai simulacra
  13 orc warriors
  A necrophage (D:7)
  3 boggarts (D:15)
  6 wolves
  14 centaurs
  3 ogres (Orc:2)
  3 kobold brigands
  4 lemures (D:9)
  9 bullfrogs
  5 scorpions
  A water moccasin zombie (D:7)
  A water moccasin skeleton (D:5)
  4 small abominations (Lair:6)
  3 killer bees (D:9)
  5 wights (D:7)
  An electric eel (Lair:5)
  4 centaur zombies
  A jelly (D:15)
  4 orc priests
  A bullfrog skeleton (D:4)
  A bullfrog zombie (D:5)
  A gnoll shaman (D:5)
  3 hounds
  2 iron imps (Gauntlet)
  Ijyb (D:4)
  Natasha (thrice) (D:2)
  An iguana (D:6)
  8 hell rats
  9 orc wizards
  A killer bee zombie (D:5)
  2 hound skeletons (D:4)
  Robin (D:1)
  8 gnolls
  7 adders
  2 ufetubi (D:7)
  3 worms
  4 dart slugs
  45 orcs
  7 ball pythons
  2 endoplasms (D:1)
  5 giant cockroaches
  17 goblins
  6 hobgoblins
  6 jackals
  A quokka (D:2)
  8 bats
  3 frilled lizards
  9 kobolds
  2 rats (D:1)
522 creatures vanquished.

Vanquished Creatures (collateral kills)
  Jorgrun (D:15)
  A stone giant (D:15)
  The ghost of Liploats the Severer, a journeyman DDFi of Makhleb (D:15)
  Harold (D:11)
  The ghost of Maggioli the Grappler, a journeyman DrEE of Dithmenos (D:12)
  An anaconda (Lair:5)
  5 hydras
  3 two-headed ogres
  A thrashing horror (Lair:6)
  3 death yaks (Lair:5)
  4 skeletal warriors (D:15)
  3 orc knights
  An ugly thing (Lair:6)
  2 oklob plants (Lair:1)
  A cyclops (Orc:1)
  2 orc sorcerers (Orc:2)
  An elephant (Lair:3)
  2 black mambas
  3 torpor snails
  8 cane toads
  A gargoyle (D:12)
  A smoke demon (Lair:6)
  4 komodo dragons
  5 rime drakes
  An ice devil (D:12)
  2 meliai (D:15)
  3 trolls
  3 slime creatures
  7 blink frogs
  3 dream sheep (Lair:6)
  3 centaur simulacra (D:12)
  A ynoxinul (Lair:6)
  A spriggan (Lair:6)
  5 wyverns
  8 humans (D:13)
  11 yaks
  A chaos spawn (Lair:6)
  10 basilisks
  A vampire mosquito (D:12)
  A warg (Orc:1)
  An acid dragon (D:12)
  8 water moccasins
  A hell hound (Lair:6)
  2 orc warriors
  A black bear (Lair:1)
  3 wolves
  A centaur (D:13)
  6 small abominations (Lair:6)
  3 bullfrogs
  4 orc priests
  2 orc wizards
  6 hell rats (Lair:4)
  3 orcs
158 creatures vanquished.

Vanquished Creatures (others)
  2 orc knights
  An orc high priest (Orc:2)
  A swamp dragon (shapeshifter) (Gauntlet)
  3 orc sorcerers
  A black mamba (Lair:5)
  A komodo dragon (Lair:6)
  A water moccasin (Lair:6)
  10 orc warriors
  3 wolves
  4 orc priests
  3 orc wizards
  2 adders (D:5)
  16 orcs
  A kobold (D:4)
  2 bushes (Lair:6)
  13 demonic plants (Gauntlet)
  19 fungi
  49 plants
132 creatures vanquished.

Grand Total: 812 creatures vanquished

Notes
Turn   | Place    | Note
-------+----------+-------------------------------------------
     0 | D:1      | hilljack the Hill Orc Fighter began the quest for the Orb.
     0 | D:1      | Reached XP level 1. HP: 19/19 MP: 1/1
   123 | D:1      | Reached skill level 3 in Axes
   167 | D:1      | Reached XP level 2. HP: 25/26 MP: 2/2
   325 | D:1      | Found Pifyul's Assorted Antiques.
   337 | D:1      | Bought a scroll labelled RIB QAKLUIMP for 28 gold pieces
   428 | D:1      | Found a faded altar of an unknown god.
   794 | D:2      | Reached XP level 3. HP: 31/31 MP: 3/3
   800 | D:2      | Reached skill level 4 in Axes
  1455 | D:2      | Noticed Natasha
  1466 | D:2      | Killed Natasha
  1467 | D:2      | Reached XP level 4. HP: 15/39 MP: 4/4
  1678 | D:2      | Identified the +0 helmet of Ysecla Hoobb {rElec rN+ Int-2
                  | SInv}
  1678 | D:2      | Noticed Robin
  1682 | D:2      | Noticed Natasha
  1727 | D:1      | Killed Robin
  1848 | D:2      | Killed Natasha
  1849 | D:2      | Reached skill level 5 in Axes
  1849 | D:2      | Reached skill level 5 in Shields
  1849 | D:2      | Reached XP level 5. HP: 44/45 MP: 5/5
  2059 | D:2      | Noticed Natasha
  2066 | D:2      | Killed Natasha
  2714 | D:3      | Reached XP level 6. HP: 51/51 MP: 6/6
  2914 | D:4      | Reached skill level 6 in Axes
  3279 | D:4      | Noticed Ijyb
  3287 | D:4      | Killed Ijyb
  3341 | D:4      | Found a hazy altar of Hepliaklqana.
  4051 | D:5      | Entered Level 5 of the Dungeon
  4063 | D:5      | Reached skill level 7 in Axes
  4063 | D:5      | Reached XP level 7. HP: 45/57 MP: 7/7
  4174 | D:5      | HP: 1/57 [gnoll (2)]
  4529 | D:5      | Noticed Grinder
  4531 | D:5      | Paralysed by Grinder for 6 turns
  4587 | D:5      | Killed Grinder
  4588 | D:5      | Reached skill level 8 in Axes
  4653 | D:5      | Reached XP level 8. HP: 50/64 MP: 8/8
  5118 | D:5      | Reached skill level 9 in Axes
  5338 | D:5      | Became a worshipper of Beogh the Brigand
  5444 | D:5      | Found a staircase to the Ecumenical Temple.
  5450 | Temple   | Entered the Ecumenical Temple
  6228 | D:5      | Noticed a rust devil
  6228 | D:5      | Noticed a rust devil
  6238 | D:6      | Gained mutation: Your magical capacity is low. (-10% MP)
                  | [potion of mutation]
  6238 | D:6      | Gained mutation: You tend to lose your temper in combat.
                  | [potion of mutation]
  6238 | D:6      | Gained mutation: You are frail. (-10% HP) [potion of
                  | mutation]
  6532 | D:6      | Killed a rust devil
  6533 | D:6      | Reached skill level 10 in Axes
  6533 | D:6      | Reached XP level 9. HP: 43/63 MP: 8/8
  6821 | D:6      | Killed a rust devil
  6822 | D:6      | Reached skill level 11 in Axes
  7165 | D:5      | Identified the +1 chain mail "Vacw" {-Cast rF- Regen+
                  | Str+9}
  7839 | D:7      | Reached skill level 10 in Shields
  7866 | D:7      | Found a stormy altar of Qazlal.
  8424 | D:7      | Reached skill level 12 in Axes
  8593 | D:8      | Noticed Grum
  8665 | D:7      | Killed Grum
  8702 | D:8      | Identified the +1 ring mail "Uzibunta" {Int+6 Dex+2}
  8839 | D:8      | Reached XP level 10. HP: 60/69 MP: 9/9
  8847 | D:8      | Reached * piety under Beogh
  8861 | D:8      | Reached skill level 13 in Axes
  9133 | D:8      | Found Tyan's Distillery.
  9136 | D:8      | Bought a potion of heal wounds for 60 gold pieces
  9136 | D:8      | Bought a potion of heal wounds for 60 gold pieces
  9136 | D:8      | Bought a potion of heal wounds for 60 gold pieces
  9332 | D:8      | Found an opulent altar of Gozag.
  9341 | D:8      | Found a shimmering blue altar of Sif Muna.
  9583 | D:9      | Noticed a two-headed ogre
  9603 | D:9      | Killed a two-headed ogre
  9750 | D:9      | Reached skill level 14 in Axes
  9750 | D:9      | Noticed Pikel
  9768 | D:9      | Killed Pikel
  9843 | D:9      | Reached ** piety under Beogh
  9853 | D:9      | Found a roughly hewn altar of Beogh.
  9894 | D:9      | Found a staircase to the Orcish Mines.
  9972 | D:9      | Reached XP level 11. HP: 47/73 MP: 9/9
 10289 | D:10     | Entered Level 10 of the Dungeon
 10303 | D:10     | Noticed a centaur warrior
 10432 | D:10     | Killed a centaur warrior
 10459 | D:10     | Reached skill level 15 in Axes
 10465 | D:10     | Noticed a boulder beetle
 10490 | D:10     | Noticed Nergalle
 10655 | D:10     | Noticed Psyche
 10671 | D:10     | Killed Psyche
 10869 | D:9      | Killed Nergalle
 11192 | D:10     | Found a staircase to the Lair.
 11194 | D:10     | Identified the +11 falchion of No Interval {flame, Will+}
 11255 | D:10     | Reached skill level 16 in Axes
 11653 | D:11     | Noticed Fannar
 11653 | D:11     | Noticed a cyclops
 11662 | D:10     | Killed a cyclops
 11669 | D:10     | Reached *** piety under Beogh
 11809 | D:10     | Killed Fannar
 11878 | D:10     | Reached XP level 12. HP: 66/81 MP: 10/10
 11933 | D:11     | Noticed a two-headed ogre
 11941 | D:11     | Killed a two-headed ogre
 11942 | D:11     | Reached skill level 15 in Shields
 11942 | D:11     | Reached skill level 1 in Invocations
 11964 | D:11     | Noticed Harold
 11973 | D:11     | Killed Harold
 12155 | D:11     | Noticed Urug
 12162 | D:11     | Killed Urug
 12208 | D:11     | Reached skill level 5 in Fighting
 12412 | D:12     | Noticed a boulder beetle
 12416 | D:12     | Noticed a catoblepas
 12457 | Lair:1   | Entered Level 1 of the Lair of Beasts
 12475 | Lair:1   | Reached skill level 5 in Armour
 12519 | Lair:1   | Reached skill level 5 in Invocations
 12520 | Lair:1   | Reached **** piety under Beogh
 12521 | Lair:1   | Gained Bogdan as an ally
 12714 | Lair:1   | Your ally Bogdan died
 12791 | Lair:1   | Identified a scroll of acquirement
 12792 | Lair:1   | Acquired a scarf of invisibility
 12812 | Lair:1   | Noticed a seven-headed hydra
 12821 | Lair:1   | Killed a three-headed hydra
 12822 | Lair:1   | Reached skill level 1 in Evocations
 13027 | Lair:1   | Reached XP level 13. HP: 84/94 MP: 16/16
 13932 | Orc:1    | Entered Level 1 of the Orcish Mines
 14080 | Orc:1    | Found an iron altar of Okawaru.
 14181 | Orc:1    | Noticed Erica
 14194 | Orc:1    | Killed Erica
 14505 | Orc:2    | Entered Level 2 of the Orcish Mines
 14515 | Orc:2    | Found a gate leading to a gauntlet.
 14531 | Gauntlet | Entered a Gauntlet
 14531 | Gauntlet | Found a transporter.
 14531 | Gauntlet | Found a transporter.
 14535 | Gauntlet | Found a transporter.
 14535 | Gauntlet | Found a transporter.
 14538 | Gauntlet | Found the +2 hat of the Bear Spirit {Spirit, +Rage rN+
                  | Will++}
 14546 | Gauntlet | Lost mutation: You are frail. (-10% HP) [potion of
                  | mutation]
 14546 | Gauntlet | Lost mutation: Your magical capacity is low. (-10% MP)
                  | [potion of mutation]
 14546 | Gauntlet | Lost mutation: You tend to lose your temper in combat.
                  | [potion of mutation]
 14546 | Gauntlet | Gained mutation: You possess an exceptional clarity of
                  | mind. [potion of mutation]
 14546 | Gauntlet | Gained mutation: Your spells are a little harder to cast,
                  | but a little more powerful. [potion of mutation]
 14546 | Gauntlet | Gained mutation: You are strong-willed. (Will+) [potion of
                  | mutation]
 14546 | Gauntlet | Gained mutation: Your mind is acute. (Int +2) [potion of
                  | mutation]
 14559 | Gauntlet | Found a transporter.
 14568 | Gauntlet | Found a transporter.
 14568 | Gauntlet | Found a transporter.
 14569 | Gauntlet | Found a transporter.
 14572 | Gauntlet | Found a transporter.
 14581 | Gauntlet | Noticed a spark wasp
 14581 | Gauntlet | a floating eye changed into a spark wasp
 14606 | Gauntlet | Found a transporter.
 14642 | Gauntlet | Found a transporter.
 14677 | Gauntlet | Found a transporter.
 14693 | Gauntlet | Found a transporter.
 14715 | Gauntlet | Noticed an ettin
 14785 | Gauntlet | Found a transporter.
 14797 | Gauntlet | Found a transporter.
 14816 | Gauntlet | Found a transporter.
 14932 | Gauntlet | Noticed a storm dragon
 15059 | Gauntlet | Noticed a minotaur
 15085 | Gauntlet | Reached ***** piety under Beogh
 15091 | Gauntlet | Killed a minotaur
 15156 | Gauntlet | Noticed a minotaur
 15161 | Gauntlet | Killed a minotaur
 15402 | Orc:2    | Found a staircase to the Elven Halls.
 15436 | Orc:2    | Found Wikhlim's Weapon Shop.
 15454 | Orc:2    | Reached skill level 5 in Evocations
 15749 | Orc:1    | Reached skill level 10 in Invocations
 15912 | Orc:2    | Found Diquodd's Distillery.
 15926 | Orc:2    | Noticed Maurice
 15927 | Orc:2    | Found a roughly hewn altar of Beogh.
 15942 | Orc:2    | Killed Maurice
 15959 | Orc:2    | Bought a potion of resistance for 130 gold pieces
 15959 | Orc:2    | Bought a potion of berserk rage for 65 gold pieces
 15959 | Orc:2    | Bought a potion of heal wounds for 65 gold pieces
 16144 | Orc:2    | Found Peaconk's General Store.
 16145 | Orc:2    | Found Nimpaript's Armour Emporium.
 16148 | Orc:2    | Found Gitaepri's Antique Weapon Emporium.
 16638 | D:12     | Found a runed translucent gate.
 16639 | D:12     | Found a runed translucent gate.
 16641 | D:12     | Found a runed translucent gate.
 16672 | D:12     | Noticed an ice dragon
 16674 | D:12     | Noticed Maggioli's ghost (journeyman DrEE)
 16685 | D:12     | Found a portal to a secret trove of treasure.
 16775 | D:12     | Gained Olfrun as an ally
 16998 | D:13     | Reached XP level 14. HP: 109/113 MP: 22/22
 17029 | D:13     | Found a shadowy altar of Dithmenos.
 17042 | D:13     | Reached skill level 10 in Armour
 17093 | D:13     | Found a gate to the Vaults.
 17838 | Lair:3   | Found a snail-covered altar of Cheibriados.
 18067 | Lair:3   | Found a staircase to the Shoals.
 18695 | Orc:2    | Bought the +10 plate armour of a wizard's laboratory {rElec
                  | Str+7 Int-2} for 1267 gold pieces
 19267 | Lair:4   | Found a hole to the Spider Nest.
 19332 | Lair:4   | Reached ****** piety under Beogh
 19595 | Lair:4   | Identified the +5 spear of Xesotodage {protect, rF++ rC+
                  | Str-4}
 21376 | Lair:5   | Reached XP level 15. HP: 59/118 MP: 24/24
 21395 | Lair:5   | Reached skill level 10 in Evocations
 21706 | Lair:5   | Identified the +9 dagger of Bread {vorpal, Will+}
 22108 | Lair:6   | Entered Level 6 of the Lair of Beasts
 22114 | Lair:6   | Acquired the +14 obsidian axe {vorpal, Mesm Drain Fly SInv}
 22114 | Lair:6   | Found the +14 obsidian axe {vorpal, Mesm Drain Fly SInv}
 22123 | Lair:6   | Found a staircase to the Slime Pits.
 22831 | Lair:6   | Found a corrupted altar of Lugonu.
 22831 | Lair:6   | Found a one-way gate to the infinite horrors of the Abyss.
 22847 | Lair:6   | Identified the +4 ring mail "Nesa" {rPois rF- Str+7}
 23636 | D:12     | Reached skill level 17 in Axes
 23655 | D:12     | Killed Maggioli's ghost
 23810 | D:14     | Noticed Rupert
 23823 | D:14     | Killed Rupert
 24043 | D:14     | Reached skill level 18 in Axes
 24066 | D:14     | Noticed Snorg
 24074 | D:14     | Killed Snorg
 24316 | D:14     | Reached XP level 16. HP: 103/120 MP: 23/25
 24547 | D:15     | Entered Level 15 of the Dungeon
 24578 | D:15     | Identified the ring "Xuerphem" {Ice rPois rN+ Int+2}
 24591 | D:15     | Noticed Jorgrun
 24604 | D:15     | Killed Jorgrun
 24689 | D:15     | Found a staircase to the Depths.
 25105 | D:15     | Found a white marble altar of Elyvilon.
 25372 | D:15     | Found a runed translucent gate.
 25374 | D:15     | Found a runed translucent gate.
 25374 | D:15     | Found a runed translucent gate.
 25374 | D:15     | Noticed Liploats's ghost (journeyman DDFi)
 25419 | D:15     | Found a viscous altar of Jiyva.
 25431 | D:15     | Killed Liploats's ghost
 25432 | D:15     | Mangled by a titanic slime creature

Illustrated notes

Levels and vault maps discovered:
D:1:      beargit_arrival_greenhouse, layout_basic, serial_shops,
          nicolae_shop_stone, chequers_ecumenical_altar_twisty,
          minmay_misc_feat_rows
D:2:      mumra_celtic_spiral_tile, layout_rooms, minmay_fractal_squares_5,
          uniq_robin, uniq_natasha
D:3:      layout_basic
D:4:      layout_layer_cave, mainiacjoe_overflow_boulevard, uniq_ijyb
D:5:      cheibrodos_iron_armory, layout_gridville,
          minmay_temple_entry_gardened_gates, minmay_pentangle, uniq_grinder
D:6:      layout_basic
D:7:      layout_loops_ring, nicolae_qazlal_scattered_showers
D:8:      layout_loops_cross, mainiacjoe_overflow_swirl, serial_shops,
          nicolae_shop_window_shopping, kennysheep_generic_room_8, uniq_grum
D:9:      layout_loops_ring, david_orc_5, uniq_pikel
D:10:     layout_long_grid, minmay_lair_entry_grove, minmay_bent, uniq_psyche,
          uniq_nergalle
D:11:     layout_rooms, minmay_misc_feat_square, uniq_harold, uniq_fannar,
          uniq_urug
D:12:     layout_cave_pools, nicolae_trove_entry_isolated, gammafunk_ghost_icy
D:13:     layout_small_grid, david_vaults_3, nicolae_dithmenos_shadow_blocks
D:14:     layout_roguey, minivault_25, uniq_rupert, uniq_snorg
D:15:     grunt_enter_depths_snipers, layout_small_grid, gammafunk_ghost_ooze,
          serial_park_square3 [serial_park_minivault_5x5_4], uniq_jorgrun
Temple:   dpeg_five_rooms_temple
Lair:1:   layout_big_grid, minmay_lair_oklob_chamber
Lair:2:   minmay_lair_oklob_tunnel, layout_regular_city, grunt_megastairs_2
Lair:3:   layout_small_grid, minmay_shoals_entry_hut, kennysheep_snail_temple
Lair:4:   cheibrodos_lair_river_kwai, layout_cellular_growth,
          spider_nest_entry_rubble, special_room [special_room_mythical_zoo],
          kennysheep_catoblepas_arena
Lair:5:   nzn_winding_woodlands_huge [nzn_winding_woodlands_5x15_default,
          nzn_winding_woodlands_5x15_garden,
          nzn_winding_woodlands_5x15_river_crossing,
          nzn_winding_woodlands_5x15_twine,
          nzn_winding_woodlands_5x15_sidewinder,
          nzn_winding_woodlands_5x15_default, nzn_winding_woodlands_5x15_parted,
          nzn_winding_woodlands_5x15_concentric,
          nzn_winding_woodlands_5x15_pockets, nzn_winding_woodlands_5x15_eye,
          nzn_winding_woodlands_center_triple_pond,
          nzn_winding_woodlands_center_diamonds,
          nzn_winding_woodlands_15x15_boxy_spiral], layout_hall_layers
Lair:6:   hellmonk_lair_end_abyssal_woods, layout_misc_corridors,
          dpeg_slime_entry_corner, special_room [special_room_mythical_zoo],
          lemuel_old_faithful
Orc:1:    layout_caves, okawaru_metal_pillars_3, uniq_erica
Orc:2:    st_orc_elflike, layout_caves, basic_altar, gauntlet_entry_generic,
          serial_shops, shop, uniq_maurice

Skill      XL: |  1  2  3  4  5  6  7  8  9 10 11 12 13 14 15 16 |
---------------+-------------------------------------------------+-----
Axes           | 3 4 5 7 8 10 12 14 16 18 | 18.0
Shields        | 4 5 6 7 9 11 12 14 15 | 15.0
Invocations    | 7 10 12 | 12.0
Fighting       | 7 |  7.2
Armour         | 7 9 12 13 14 | 14.7
Evocations     | 1 6 9 11 12 | 12.0

Action                   |  1- 3 |  4- 6 |  7- 9 | 10-12 | 13-15 | 16-18 || total
-------------------------+-------+-------+-------+-------+-------+-------++-------
Melee: War axe           |    99 |   143 |   294 |   532 |   555 |       ||  1623
       Falchion          |       |       |       |    17 |    23 |       ||    40
       Broad axe         |       |       |       |       |   243 |    74 ||   317
Throw: Dart              |       |     7 |       |     8 |       |       ||    15
Invok: Convert to Beogh  |       |       |     1 |       |       |       ||     1
       Smiting           |       |       |       |     2 |     1 |       ||     3
       Recall Orcish Fol |       |       |       |       |     1 |     1 ||     2
       Give Item to Name |       |       |       |       |     1 |       ||     1
 Abil: Evoke Invisibilit |       |       |       |       |     2 |       ||     2
Evoke: Wand              |       |       |       |    10 |    10 |       ||    20
  Use: Scroll            |     3 |     2 |     6 |     6 |     7 |       ||    24
       Potion            |       |       |     9 |     2 |     4 |       ||    15
 Stab: Invisible         |       |       |       |       |     4 |       ||     4
       Distracted        |       |       |       |       |     3 |       ||     3
       Petrified         |       |       |       |       |     4 |       ||     4
Armor: Scale mail        |    40 |    69 |    61 |       |       |       ||   170
       Skin              |       |       |     4 |     3 |       |       ||     7
       Chain mail        |       |       |    27 |    94 |    94 |       ||   215
       Plate armour      |       |       |       |       |   147 |    31 ||   178
Dodge: Dodged            |    27 |    66 |    73 |    83 |   131 |    14 ||   394
Block: Kite shield       |    70 |   109 |   241 |   515 |   718 |    72 ||  1725
       Reflection        |       |       |     2 |    15 |    28 |    16 ||    61
       Rpst.: Falchion   |       |       |       |     2 |     1 |       ||     3
